 Dungeon Crawl Stone Soup version 0.22-a0-135-g6f012ad (webtiles) character file.

777 tof the Cudgeler (level 7, -6/62 HPs)
             Began as a Minotaur Fighter on Feb 1, 2018.
             Mangled by an ogre
             ... wielding a +0 giant spiked club
              (25 damage)
             ... on level 4 of the Dungeon.
             The game lasted 00:04:03 (4085 turns).

tof the Cudgeler (Minotaur Fighter)                 Turns: 4085, Time: 00:04:04

Health: -6/62      AC:  7    Str: 20    XL:     7   Next: 54%
Magic:  6/6        EV:  7    Int:  5    God:
Gold:   225        SH: 10    Dex: 12    Spells: 6/6 levels left

rFire    . . .     SeeInvis .   a - +0 flail
rCold    . . .     Gourm    .   c - +0 shield
rNeg     . . .     Faith    .   b - +0 scale mail
rPois    .         Spirit   .   (helmet restricted)
rElec    .         Reflect  .   (no cloak)
rCorr    .         Harm     .   (no gloves)
MR       .....                  (no boots)
Stlth    ..........             (no amulet)
HPRegen  0.20/turn              (no ring)
MPRegen  0.10/turn              (no ring)

@: no status effects
A: retaliatory headbutt, horns 2
a: no special abilities


You were on level 4 of the Dungeon.
You were not hungry.

You visited 1 branch of the dungeon, and saw 4 of its levels.

You collected 225 gold pieces.

Inventory:

Hand Weapons
 a - a +0 flail (weapon)
Missiles
 h - 14 tomahawks (quivered)
Armour
 b - a +0 scale mail (worn)
 c - a +0 shield (worn)
Jewellery
 x - an uncursed amulet of guardian spirit {unknown}
Scrolls
 i - 3 scrolls of identify {unknown}
 k - 2 scrolls of teleportation {unknown}
 m - 2 scrolls of remove curse {unknown}
 o - a scroll of noise {unknown}
 u - a scroll of fog {unknown}
Potions
 d - a potion of might
 e - 3 potions of heal wounds {unknown}
 g - a potion of berserk rage {unknown}
 j - 2 potions of curing {unknown}
 l - 2 potions of brilliance {unknown}
 n - a potion of cancellation {unknown}
 p - a potion of magic {unknown}
 q - 3 potions of lignification {unknown}
 r - a potion of invisibility {unknown}
 s - a potion of haste {unknown}
 t - a potion of agility {unknown}
 w - 2 potions of flight {unknown}
Comestibles
 f - 5 rations
 v - 2 chunks of flesh


   Skills:
 + Level 5.7 Fighting
 * Level 6.8 Maces & Flails
 + Level 5.8 Armour
 + Level 5.7 Shields


You had 6 spell levels left.
You didn't know any spells.

Dungeon Overview and Level Annotations

Branches:
Dungeon (4/15)
 Temple: D:4-7

Altars:
Dithmenos
Makhleb
Nemelex Xobeh


Innate Abilities, Weirdness & Mutations

You reflexively headbutt those who attack you in melee.
You have a pair of horns on your head.


Message History

You see here a mace.
There is a stone staircase leading down here.
Found 22 stones.
You see here 22 stones.
Found a flail.
You see here a flail.
An ogre comes into view. It is wielding a giant spiked club.
The ogre hits you with a giant spiked club!!
You hit the ogre. You headbutt the ogre!
The ogre is heavily wounded.
You block the ogre's attack.
You hit the ogre but do no damage.
The ogre is heavily wounded.
You hit the ogre but do no damage.
The ogre is heavily wounded.
The ogre hits you with a giant spiked club!!
You hit the ogre. You headbutt the ogre.
The ogre is severely wounded.
The ogre hits you with a giant spiked club!!
You die...

#.# #.# #.#
#.# #.#
#)##########
#..........#
##########.#
#@# #O# #.#
#.# ..# ###


You could see an ogre.

Vanquished Creatures
  The ghost of Azzok the Skirmisher, an amateur CeFi (D:4)
  Grinder (D:3)
  2 hounds (D:4)
  An orc wizard (D:3)
  An iguana (D:4)
  Terence (D:3)
  A worker ant (D:4)
  Robin (D:2)
  5 gnolls
  2 adders
  An ooze (D:1)
  A worm (D:2)
  2 dart slugs (D:1)
  A leopard gecko (D:4)
  7 orcs
  2 giant cockroaches
  24 goblins
  10 hobgoblins
  7 jackals
  A quokka (D:2)
  A ball python skeleton (D:4)
  6 bats
  5 frilled lizards
  6 kobolds
  4 rats
94 creatures vanquished.

Notes
Turn   | Place    | Note
-------+----------+-------------------------------------------
     0 | D:1      | tof the Minotaur Fighter began the quest for the Orb.
     0 | D:1      | Reached XP level 1. HP: 19/19 MP: 0/0
    96 | D:1      | Reached XP level 2. HP: 27/27 MP: 1/1
   109 | D:1      | Reached skill level 3 in Maces & Flails
   359 | D:1      | Reached XP level 3. HP: 31/33 MP: 2/2
  1278 | D:2      | Noticed Robin
  1279 | D:2      | Reached XP level 4. HP: 36/40 MP: 3/3
  1296 | D:2      | Killed Robin
  1296 | D:2      | Reached skill level 4 in Maces & Flails
  2039 | D:3      | Found a burning altar of Makhleb.
  2307 | D:3      | Noticed Grinder
  2319 | D:3      | Killed Grinder
  2319 | D:3      | Reached skill level 5 in Maces & Flails
  2319 | D:3      | Reached XP level 5. HP: 7/47 MP: 4/4
  2319 | D:3      | Reached XP level 6. HP: 9/55 MP: 5/5
  2617 | D:3      | Found a sparkling altar of Nemelex Xobeh.
  2619 | D:3      | Noticed Terence
  2630 | D:3      | Killed Terence
  2630 | D:3      | Reached skill level 5 in Fighting
  2630 | D:3      | Reached skill level 5 in Armour
  2745 | D:3      | Reached skill level 5 in Shields
  3200 | D:4      | Noticed Azzok's ghost (amateur CeFi)
  3215 | D:4      | Killed Azzok's ghost
  3215 | D:4      | Reached skill level 6 in Maces & Flails
  3215 | D:4      | Reached XP level 7. HP: 14/61 MP: 6/6
  3878 | D:4      | Found a shadowy altar of Dithmenos.
  4085 | D:4      | Mangled by an ogre

Vault maps used:
D:1:      dpeg_arrival_central, kennysheep_doodads
D:2:      first_ration, uniq_robin
D:3:      bloody_makhleb, nicolae_overflow_crystal_walls, uniq_terence,
          uniq_grinder
D:4:      grunt_dithmenos_smoke_and_mirrors

Skill      XL: |  1  2  3  4  5  6 |
---------------+-------------------+-----
Maces & Flails | 3 5 6 |  6.8
Fighting       | 4 5 |  5.7
Armour         | 4 5 |  5.8
Shields        | 4 5 |  5.7

Action                   |  1- 3 |  4- 6 |  7- 9 || total
-------------------------+-------+-------+-------++-------
Melee: Flail             |   110 |   121 |    38 ||   269
       Headbutt          |    11 |    24 |     8 ||    43
  Eat: Chunk             |     1 |     7 |     2 ||    10
Armor: Scale mail        |    36 |    67 |    10 ||   113
Dodge: Dodged            |    28 |    46 |    13 ||    87
Block: Shield            |    53 |    71 |    20 ||   144

Table legend:
 A = Spawn XP
 B = Non-spawn XP
 C = Spawn XP percentage of total XP
 D = Spawn monster count
 E = Non-spawn monster count
 F = Spawn count percentage of total count
 G = Total turns spent on level
                    A         B        C        D         E        F      G
               +---------+---------+-------+---------+---------+-------+---------
         Total |       0 |    1110 |   0.0 |       0 |      94 |   0.0 |  4085
               +---------+---------+-------+---------+---------+-------+---------
           D:1 |       0 |      74 |   0.0 |       0 |      32 |   0.0 |   884
           D:2 |       0 |      77 |   0.0 |       0 |      26 |   0.0 |  1081
           D:3 |       0 |     389 |   0.0 |       0 |      23 |   0.0 |  1184
           D:4 |       0 |     570 |   0.0 |       0 |      13 |   0.0 |   936
               +---------+---------+-------+---------+---------+-------+---------
